 Dungeon Crawl Stone Soup version 0.18-a0-824-g47fe746 (webtiles) character file.

52 deanyohobro the Skirmisher (level 3, 0/41 HPs)
             Began as an Ogre Fighter on Dec 17, 2015.
             Slain by a quokka (1 damage)
             ... on level 2 of the Dungeon.
             The game lasted 00:05:15 (2498 turns).

deanyohobro the Skirmisher (Ogre Fighter)           Turns: 2498, Time: 00:05:15

Health: 0/41       AC:  3    Str: 22    XL:     3   Next: 85%
Magic:  3/3        EV: 10    Int:  7    God:
Gold:   98         SH:  0    Dex:  9    Spells: 0 memorised, 2 levels left

rFire  . . .     SeeInvis .     a - +0 flail
rCold  . . .     Gourm    .     b - +0 robe
rNeg   . . .     Faith    .     (no shield)
rPois  .         Spirit   .     (helmet restricted)
rElec  .         Dismiss  .     (no cloak)
rCorr  .         Reflect  .     (gloves unavailable)
SustAt .         Harm     .     (boots unavailable)
MR     .....                    (no amulet)
Stlth  +.........               (no ring)
                                (no ring)

@: not resistant to hostile enchantments, very unstealthy
A: unfitting armour, tough skin 1
a: no special abilities


You were on level 2 of the Dungeon.
You were not hungry.

You visited 1 branch of the dungeon, and saw 3 of its levels.

You collected 98 gold pieces.

Inventory:

Hand Weapons
 a - a +0 flail (weapon)
Armour
 b - a +0 robe (worn)
 c - a +0 shield
Scrolls
 e - 2 scrolls of immolation
 g - a scroll of enchant weapon {unknown}
 h - 2 scrolls of identify {unknown}
 k - a scroll of noise {unknown}
Potions
 d - a potion of might
 i - a potion of cancellation {unknown}
 j - 4 potions of heal wounds {unknown}
Comestibles
 f - a bread ration
 l - 2 chunks of flesh
 m - a meat ration
 n - a slice of pizza


   Skills:
 + Level 4.8 Fighting
 * Level 4.4 Maces & Flails
 + Level 2.8 Dodging
 - Level 2.6 Shields


You had 2 spell levels left.
You didn't know any spells.

Dungeon Overview and Level Annotations

Branches:
Dungeon (3/15)

Altars:
Gozag
Qazlal

Shops:
D:2 *


Innate Abilities, Weirdness & Mutations

You are too large for most types of armour.
You have tough skin (AC +1).


Message History

You are too injured to fight recklessly!
You are too injured to fight recklessly!
You are too injured to fight recklessly!
You are too injured to fight recklessly!
You are too injured to fight recklessly!
You are too injured to fight recklessly!
You are too injured to fight recklessly!
You are too injured to fight recklessly!
You closely miss the quokka. The giant gecko closely misses you.
The giant cockroach barely misses you. The quokka barely misses you.
The hobgoblin hits you but does no damage.
The giant gecko completely misses you. The quokka bites you.
* * * LOW HITPOINT WARNING * * *
The giant cockroach bites you but does no damage.
You closely miss the quokka. The giant gecko bites you.
* * * LOW HITPOINT WARNING * * *
The giant cockroach bites you.
* * * LOW HITPOINT WARNING * * *
The quokka bites you.
You die...

######### #.....##.#
#.......###[....##.#####
#.#####.................
#.# #.###.....##.#####
#.# #.# #.....##.# ###
#.# #.# #.....##.# #..
#.# #.##########.# #..
#.# #gs.......##.###..
#.#####@lr..............
#.##..#r######.#...#....
#.##..#.# #.#.###....
#.##..#.# #.#........
##.##(.#.# #.#####....
#......#.# #.# #....
#####..#.# #.# #####..
#.##.# #.# #....≈≈
#....# #.# #.≈≈≈≈.


You could see a giant gecko, a quokka, a giant cockroach, a hobgoblin and a rat.

Vanquished Creatures
  2 adders (D:2)
  A worm (D:2)
  4 bats (D:1)
  7 goblins
  A hobgoblin (D:1)
  3 jackals (D:2)
  2 giant cockroaches
  2 giant newts (D:2)
  7 kobolds
  4 rats
33 creatures vanquished.

Vanquished Creatures (others)
  An adder (D:2)
  An orc (D:2)
2 creatures vanquished.

Grand Total: 35 creatures vanquished

Notes
Turn   | Place    | Note
--------------------------------------------------------------
     0 | D:1      | deanyohobro the Ogre Fighter began the quest for the Orb.
     0 | D:1      | Reached XP level 1. HP: 24/24 MP: 1/1
    61 | D:1      | HP: 1/24 [kobold/short sword (2)]
   603 | D:1      | Reached XP level 2. HP: 30/32 MP: 2/2
  1128 | D:2      | Found a stormy altar of Qazlal.
  1201 | D:2      | Reached XP level 3. HP: 20/40 MP: 3/3
  2079 | D:2      | Found Gozag's Platinum Reserve.
  2082 | D:2      | Found an opulent altar of Gozag.
  2498 | D:2      | HP: 2/41 [giant gecko (2)]
  2498 | D:2      | Slain by a quokka

Vault maps used:
D:1:      minmay_arrival_doors
D:2:      nicolae_gozag_zags_fifth_avenue, nicolae_qazlal_eye_of_the_storm
D:3:      minitemple, tgw_sif, ecumenical_altar_1, minivault_19,
          minmay_misc_feat_ornament, uniq_jessica, uniq_terence

Action                   || total
-------------------------++-------
Melee: Flail             ||   117
  Use: Scroll            ||     1
  Eat: Chunk             ||     5
